 Dungeon Crawl Stone Soup version 0.31-a0-408-gb642c7f9a3 (webtiles) character file.

Game seed: 10352187376270803312

208 floatRand the Ruffian (level 5, 40/40 HPs)
             Began as a Draconian Shapeshifter on July 29, 2023.
             Quit the game on level 3 of the Dungeon.
             The game lasted 00:02:31 (1832 turns).

floatRand the Ruffian (Draconian Shapeshifter)      Turns: 1832, Time: 00:02:31

Health: 40/40      AC:  6    Str: 15 (18) XL:     5   Next: 55%
Magic:  5/5        EV: 12    Int: 12 (14) God:
Gold:   160        SH:  0    Dex: 12 (13) Spells: 4/4 levels left

rFire   . .          .
                       - Unarmed
rCold   . . .        (no shield)
rNeg    . . .        (body armour unavailable)
rPois   .            (helmet currently unavailable)
rElec   .            (cloak currently unavailable)
rCorr   .            (gloves currently unavailable)
SInv    .            (boots currently unavailable)
Will    .....        (no amulet)
Stlth   +            d - +6 ring of intelligence
HPRegen 0.26/turn    (no ring)
MPRegen 0.09/turn

%: random rage (3%)
@: beast-form
A: beast (slay +2), AC +5, unfitting armour, cold-blooded, berserk 1, shaggy fur
1
a: Begin Untransformation


You were on level 3 of the Dungeon.
You were a hulking beast.
You visited 1 branch of the dungeon, and saw 3 of its levels.

You collected 160 gold pieces.

Inventory:

Jewellery
 a - a ring of resist corrosion
 d - a +6 ring of intelligence (left hand)
Talismans
 b - a beast talisman
Scrolls
 e - a scroll of teleportation {unknown}
 g - a scroll of blinking
 i - 2 scrolls of identify {unknown}
 k - a scroll of immolation {unknown}
Potions
 j - a potion of degeneration


   Skills:
 - Level 1.1 Fighting
 - Level 1.7 Dodging
 * Level 5.4 Unarmed Combat
 + Level 4.0 Shapeshifting


You had 4 spell levels left.
You didn't know any spells.
Your spell library was empty.

Dungeon Overview and Level Annotations

Branches:
Dungeon (3/15)

Altars:

Annotations:
D:3 2 transporters


Innate Abilities, Weirdness & Mutations

You are a hulking beast.
Your limbs bulge with bestial killing power. (Slay +2)
Your plain brown scales are hard. (AC +5)
You cannot fit into any form of body armour.
You are cold-blooded and may be slowed by cold attacks.
You sometimes lose your temper in combat.
You are covered in fur. (AC +1)


Message History

You hit the orc.
The orc is almost dead.
The orc misses you. The orc hits you with a +0 club.
* * * LOW HITPOINT WARNING * * *
You hit the orc but do no damage.
The orc is almost dead.
The orc barely misses you.
You barely miss the orc.
The orc is severely wounded.
The orc hits you but does no damage.
You hit the orc but do no damage.
The orc is severely wounded.
The orc hits you with a +0 club.
* * * LOW HITPOINT WARNING * * *
The orc closely misses you.
You completely miss the orc.
The orc is severely wounded.
The orc hits you with a +0 club.
* * * LOW HITPOINT WARNING * * *
You hit the orc.
You kill the orc!
You feel less attractive to monsters.
Items here: )) [ ††.
You start resting.
You feel yourself speed up.
You start resting.
You recover from your berserk rage.
HP restored.
i - 2 scrolls labelled CIESMA INWASYFEU (gained 1)
You now have 160 gold pieces (gained 7).
The kobold demonologist shouts!
Something shouts, "Slither hence, thou skyhacking nose-picking pumpion!"
Found a transporter.
Okay, then.
Really quaff the potion of mutation?
You feel extremely strange.
You feel stupid.
You feel genetically unstable.
You begin to regenerate regardless of the presence of monsters.
Fur sprouts all over your body.
Are you sure you want to abandon this character and quit the game? (Confirm with "yes".)

##.......## #.#.≈~~~≈
#.>..# #.........#
#.#.≈...≈ #...
#.........# #.#K≈...≈
#.# #.........#
#.####+## #.........#
.#P../ #.........#
#.#8P.© ##.......##
##..##### ###
#.........####.[.....©
#..
#.............h.......
#.#
#............###.!..#.
#..........### ####
#..........#
##........##
##.....#.# #######.#
##.# ##>.#


You could see a kobold demonologist.

Vanquished Creatures
  A scorpion (D:2)
  An orc wizard (D:3)
  Natasha (D:3)
  2 adders (D:2)
  2 worms (D:2)
  A dart slug (D:1)
  4 orcs (D:3)
  10 ball pythons
  8 endoplasms
  7 giant cockroaches
  5 goblins
  8 hobgoblins
  2 quokkas
  4 bats
  3 frilled lizards (D:1)
  6 kobolds
  5 rats
70 creatures vanquished.

Notes
Turn   | Place    | Note
-------+----------+-------------------------------------------
     0 | D:1      | floatRand the Draconian Shapeshifter began the quest for
                  | the Orb.
     0 | D:1      | Reached XP level 1. HP: 16/16 MP: 1/1
   105 | D:1      | Reached XP level 2. HP: 21/23 MP: 2/2
   471 | D:1      | Reached XP level 3. HP: 28/28 MP: 3/3
   652 | D:1      | Reached skill level 4 in Unarmed Combat
  1046 | D:2      | Noticed a scorpion
  1056 | D:2      | Killed a scorpion
  1057 | D:2      | Reached XP level 4. HP: 35/35 MP: 4/4
  1201 | D:2      | Reached XP level 5. HP: 40/40 MP: 5/5
  1263 | D:2      | Reached skill level 5 in Unarmed Combat
  1544 | D:3      | Found a transporter.
  1560 | D:3      | Noticed a kobold demonologist
  1630 | D:3      | Noticed Natasha
  1640 | D:3      | Gained mutation: You sometimes lose your temper in combat.
                  | [potion of mutation]
  1640 | D:3      | Gained mutation: You do not regenerate when monsters are
                  | visible. [potion of mutation]
  1640 | D:3      | Gained mutation: Your mind is acute. (Int +4, Str/Dex -1)
                  | [potion of mutation]
  1640 | D:3      | Gained mutation: You are somewhat resistant to further
                  | mutation. [potion of mutation]
  1648 | D:3      | HP: 2/40 [orc/+0 club (3)]
  1657 | D:3      | Killed Natasha
  1830 | D:3      | Found a transporter.
  1831 | D:3      | Lost mutation: Your mind is acute. (Int +4, Str/Dex -1)
                  | [potion of mutation]
  1831 | D:3      | Lost mutation: You are somewhat resistant to further
                  | mutation. [potion of mutation]
  1831 | D:3      | Lost mutation: You do not regenerate when monsters are
                  | visible. [potion of mutation]
  1831 | D:3      | Gained mutation: You are covered in fur. (AC +1) [potion of
                  | mutation]
  1832 | D:3      | Quit the game

Illustrated notes

Levels and vault maps discovered:
D:1:      matt_arrival_refuge, layout_loops_cross,
          chequers_serial_rivers_micro_e
D:2:      minmay_angry_zag, layout_basic
D:3:      gammafunk_wand_slinger, layout_rooms,
          shapermc_ecumenical_altar_mp_urbaneastern, nicolae_titane,
          uniq_natasha

Skill      XL: |  1  2  3  4  5 |
---------------+----------------+-----
Unarmed Combat | 4 5 |  5.4
Shapeshifting  | 4 |  4.0
Fighting       | |  1.1
Dodging        | |  1.7

Action                     |  1- 3 |  4- 6 || total
---------------------------+-------+-------++-------
  Melee: Unarmed           |   126 |    48 ||   174
         Tailslap          |    16 |     3 ||    19
         Punch             |     3 |       ||     3
    Use: Potion            |     1 |     5 ||     6
         Scroll            |       |     1 ||     1
   Stab: Sleeping          |     3 |     1 ||     4
 Armour: Skin              |    42 |    17 ||    59
  Dodge: Dodged            |    66 |    24 ||    90

Table legend: (Time is in decaauts)
 A = Elapsed time spent in this place.
 B = Non-inter-level travel time spent in this place.
 C = Inter-level travel time spent in this place.
 D = Time resting spent in this place.
 E = Time spent auto-exploring this place.
 F = Levels seen in this place.
 G = Mean time per level.
                   A        B        C        D        E       F      G
               +--------+--------+--------+--------+--------+-----+--------+
         Total |   1830 |   1762 |     68 |     69 |   1176 |   3 |  610.0 |
       Dungeon |   1830 |   1762 |     68 |     69 |   1176 |   3 |  610.0 |
               +--------+--------+--------+--------+--------+-----+--------+

Top non-repeatable levels by time:
     D:1: 772 daAuts
     D:2: 710 daAuts
     D:3: 348 daAuts
